 Dungeon Crawl Stone Soup version 0.21-a0-221-gfe971b9 (webtiles) character file.

779 M4edhros the Covert (level 7, -5/45 HPs)
             Began as an Octopode Artificer on Aug 27, 2017.
             Was a Follower of Dithmenos.
             Killed from afar by a goblin (13 damage)
             ... with a wand of flame (?/48)
             ... on level 5 of the Dungeon.
             The game lasted 00:07:13 (5010 turns).

M4edhros the Covert (Octopode Artificer)            Turns: 5010, Time: 00:07:13

Health: -5/45      AC:  1    Str: 11    XL:     7   Next: 85%
Magic:  9/9        EV: 14    Int: 14    God:    Dithmenos [*.....]
Gold:   182        SH:  0    Dex: 14    Spells: 4/6 levels left

rFire    . . .     SeeInvis +   a - +0 short sword
rCold    . . .     Gourm    .   (no shield)
rNeg     + . .     Faith    .   (helmet restricted)
rPois    .         Spirit   .   (no amulet)
rElec    .         Reflect  .   s - ring of positive energy
rCorr    .         Harm     .   u - ring of see invisible
MR       .....                  (no ring)
Stlth    +++++++...             (no ring)
HPRegen  0.15/turn              (no ring)
MPRegen  0.11/turn              (no ring)
                                (no ring)
                                (no ring)

@: wreathed by umbra
A: almost no armour, stealthy swim, amphibious, 8 rings, constrict 8, camouflage
1, gelatinous body 1
a: Renounce Religion


You were on level 5 of the Dungeon.
You worshipped Dithmenos.
Dithmenos was aware of your devotion.
You were not hungry.

You visited 2 branches of the dungeon, and saw 6 of its levels.

You collected 182 gold pieces.

Inventory:

Hand Weapons
 a - a +0 short sword (weapon)
Missiles
 y - 77 sling bullets
 z - 164 stones (quivered)
Jewellery
 s - a ring of positive energy (left tentacle)
 u - a ring of see invisible (right tentacle)
Wands
 c - a wand of enslavement (10/24)
Scrolls
 h - 3 scrolls of enchant weapon
 l - 3 scrolls of amnesia
 o - 3 scrolls of fear {unknown}
 q - 3 scrolls of remove curse {unknown}
 r - a scroll of magic mapping {unknown}
 v - a scroll of random uselessness {unknown}
 w - a scroll of immolation {unknown}
Potions
 b - a potion of lignification {unknown}
 d - 2 potions of invisibility {unknown}
 m - a potion of agility {unknown}
 n - 2 potions of curing
 x - a potion of flight {unknown}
 C - a potion of might
Books
 e - Sif Muna's Collected Works on Execration
   (You found it on level 4 of the Dungeon)

   Spells                             Type                      Level
   a - Confusing Touch                Hexes                        1
 A - a book of Maledictions

   Spells                             Type                      Level
   a - Corona                         Hexes                        1
   b - Ensorcelled Hibernation        Hexes/Ice                    2
   c - Confuse                        Hexes                        3
   d - Tukima's Dance                 Hexes                        3
   e - Dazzling Spray                 Conjuration/Hexes            3
 B - a book of Cantrips

   Spells                             Type                      Level
   a - Confusing Touch                Hexes                        1
   b - Animate Skeleton               Necromancy                   1
   c - Summon Small Mammal            Summoning                    1
   d - Apportation                    Translocation                1
Comestibles
 f - 5 bread rations
 g - 3 fruits
 t - a meat ration


   Skills:
 + Level 2.3 Fighting
 - Level 1.0 Short Blades
 + Level 3.0 Dodging
 - Level 11.0 Stealth
 - Level 3.2 Evocations


You had 4 spell levels left.
You knew the following spells:

 Your Spells              Type           Power        Failure   Level  Hunger
a - Animate Skeleton      Necr           N/A          28%         1    ##.....
b - Apportation           Tloc           #.....       28%         1    ##.....


Dungeon Overview and Level Annotations

Branches:
Dungeon (5/15)             Temple (1/1) D:5

Altars:
Ashenzari
Dithmenos
Elyvilon
Gozag
Hepliaklqana
Kikubaaqudgha
Nemelex Xobeh
Okawaru
Qazlal
Ru
Sif Muna
Yredelemnul
Zin
The Shining One

Shops:
D:2 *

Annotations:
D:4 MirrMurr's ghost, amateur SpEn
D:5 Eustachio


Innate Abilities, Weirdness & Mutations

You cannot wear most types of armour.
You are very stealthy in the water. (Stealth+)
You are amphibious.
You can wear up to eight rings at the same time.
You can use your tentacles to constrict eight enemies at once.
Your skin changes colour to match your surroundings (Stealth+).
Your rubbery body absorbs attacks. (AC +1, EV +1)


Message History

* * * LOW HITPOINT WARNING * * *
The crimson imp blinks!
You hit the orc wizard.
The orc wizard is severely wounded.
You constrict the orc wizard.
The orc wizard casts a spell.
The orc wizard seems to speed up.
Unknown command.
You barely miss the orc wizard.
The orc wizard is almost dead.
You constrict the orc wizard.
You kill the orc wizard!
Dithmenos accepts your kill.
Your Dodging skill increases to level 3!
The goblin hits you with a shimmering mace {pain}.
* * * LOW HITPOINT WARNING * * *
The hound skeleton closely misses you.
Eustachio casts a spell.
The goblin zaps a wand.
The puff of flame hits you!
You die...

..
######.#..#
##
#....#.....
#.#####.#.##
#.# #.#.#
#.# .....
#.# .....
#.# #....
##5##......
#..@.......
#..##.#.#..
#gZ# ..
#.W.......
#.##oo..#.#
# .. ......#
# ##. .....
# .. .....
#. @...


You could see a phantom, a crimson imp, a goblin and a hound skeleton.

Vanquished Creatures
  Sigmund (D:4)
  An ogre (D:4)
  A howler monkey (D:5)
  A crimson imp (D:5)
  A bullfrog zombie (D:5)
  A hound (D:4)
  4 orc wizards
  2 orc priests
  Natasha (twice) (D:2)
  A worker ant (D:4)
  5 adders
  4 shadow imps (D:3)
  3 worms
  2 dart slugs (D:1)
  3 leopard geckos
  7 orcs
  5 giant cockroaches
  7 goblins
  5 hobgoblins
  A ball python (D:2)
  6 bats
  6 frilled lizards
  5 kobolds
  A quokka skeleton (D:4)
  14 rats
89 creatures vanquished.

Vanquished Creatures (collateral kills)
  An orc (D:4)
1 creature vanquished.

Vanquished Creatures (others)
  A hound (D:4)
1 creature vanquished.

Grand Total: 91 creatures vanquished

Notes
Turn   | Place    | Note
-------+----------+-------------------------------------------
     0 | D:1      | M4edhros the Octopode Artificer began the quest for the Orb.
     0 | D:1      | Reached XP level 1. HP: 13/13 MP: 3/3
    15 | D:1      | Reached skill level 2 in Stealth
    59 | D:1      | Reached skill level 3 in Stealth
    59 | D:1      | Reached XP level 2. HP: 15/18 MP: 4/4
   133 | D:3      | Found a transporter.
   135 | D:3      | Found a transporter.
   171 | D:3      | Reached skill level 4 in Stealth
   171 | D:3      | Reached XP level 3. HP: 23/23 MP: 5/5
   326 | D:3      | Reached skill level 5 in Stealth
   329 | D:3      | Reached XP level 4. HP: 28/28 MP: 6/6
   356 | D:3      | Reached skill level 6 in Stealth
   367 | D:4      | Found a deep blue altar of Sif Muna.
   373 | D:4      | Noticed an ogre
   419 | D:4      | Reached XP level 5. HP: 11/33 MP: 7/7
   420 | D:4      | Reached skill level 7 in Stealth
   421 | D:4      | Identified Sif Muna's Collected Works on Execration
   646 | D:4      | Noticed MirrMurr's ghost (amateur SpEn)
  1066 | D:4      | Found a shattered altar of Ashenzari.
  1296 | D:4      | Noticed Sigmund
  1303 | D:4      | HP: 1/33 [Sigmund/scythe (5)]
  1305 | D:4      | Killed Sigmund
  1305 | D:4      | Reached skill level 9 in Stealth
  1305 | D:4      | Reached XP level 6. HP: 1/38 MP: 8/8
  1928 | D:5      | Entered Level 5 of the Dungeon
  1941 | D:5      | Reached skill level 10 in Stealth
  1941 | D:5      | Reached XP level 7. HP: 40/43 MP: 9/9
  2367 | D:5      | Found a staircase to the Ecumenical Temple.
  2377 | Temple   | Entered the Ecumenical Temple
  2443 | Temple   | Became a worshipper of Dithmenos the Shadowed
  2647 | D:2      | Found a hazy altar of Hepliaklqana.
  2723 | D:2      | Found an opulent altar of Gozag.
  2726 | D:2      | Found Gozag's Platinum Reserve.
  3000 | D:2      | Noticed Natasha
  3006 | D:2      | Killed Natasha
  3634 | D:1      | Reached skill level 11 in Stealth
  4070 | D:2      | Reached * piety under Dithmenos
  4215 | D:2      | Noticed Natasha
  4218 | D:2      | Killed Natasha
  4400 | D:3      | Learned a level 1 spell: Animate Skeleton
  4402 | D:3      | Learned a level 1 spell: Apportation
  4992 | D:5      | Noticed Eustachio
  5010 | D:5      | Killed from afar by a goblin

Vault maps used:
D:1:      onia_arrival_larder, minmay_misc_feat_roman
D:2:      nicolae_gozag_zags_fifth_avenue, lemuel_doored_altar, uniq_natasha
D:3:      gammafunk_wand_slinger, amethyst_killhole
D:4:      ashenzari_altar_1, led_sif_book, first_bread, uniq_sigmund
D:5:      vehumet_altar_wand_db, temple_hall, uniq_eustachio
Temple:   cyrus_temple_forest

Skill      XL: |  1  2  3  4  5  6  7 |
---------------+----------------------+-----
Stealth        | 3 4 5 6 9 10 11 | 11.0
Fighting       | 2 |  2.3
Dodging        | 3 |  3.0
Short Blades   | |  1.0
Evocations     | |  3.2

Action                   |  1- 3 |  4- 6 |  7- 9 || total
-------------------------+-------+-------+-------++-------
Melee: Short sword       |    20 |    38 |   127 ||   185
       Constrict         |     6 |     9 |    29 ||    44
       Tentacles         |     3 |    12 |    18 ||    33
Evoke: Wand              |    17 |    13 |     1 ||    31
  Use: Scroll            |     2 |       |     3 ||     5
       Potion            |       |     2 |     2 ||     4
 Stab: Sleeping          |     5 |     5 |    26 ||    36
       Distracted        |     1 |       |     3 ||     4
  Eat: Chunk             |       |     2 |     9 ||    11
       Royal jelly       |       |       |     1 ||     1
Armor: Skin              |     3 |     2 |     5 ||    10
Dodge: Dodged            |    12 |    25 |    52 ||    89

Table legend:
 A = Spawn XP
 B = Non-spawn XP
 C = Spawn XP percentage of total XP
 D = Spawn monster count
 E = Non-spawn monster count
 F = Spawn count percentage of total count
 G = Total turns spent on level
                    A         B        C        D         E        F      G
               +---------+---------+-------+---------+---------+-------+---------
         Total |      65 |    1048 |   5.8 |      12 |      79 |  13.2 |  5010
               +---------+---------+-------+---------+---------+-------+---------
           D:1 |       7 |      37 |  15.9 |       3 |      24 |  11.1 |   976
           D:2 |       9 |     112 |   7.4 |       4 |      16 |  20.0 |   875
           D:3 |       0 |     125 |   0.0 |       0 |      18 |   0.0 |   585
           D:4 |       9 |     519 |   1.7 |       4 |      12 |  25.0 |  1870
           D:5 |      40 |     255 |  13.6 |       1 |       9 |  10.0 |   609
               +---------+---------+-------+---------+---------+-------+---------
